cohdb
Replays
Latest Replays
All Replays
Popular Replays
Top Player Replays
Match Explorer
How It Works
Community
CoH3 Stats
Reddit
Sign in to upload your games and track your stats! →
Sign in with Steam
Match 42427513
Unlisted
Match 42427513
Overview
Messages
Build Orders
End
Construct Section Command Post
Royal Engineer Section
Infantry Section
ML 3-inch Mortar Team
Infantry Section
Selects Canadian Shock Battlegroup
Selects Attacking Spirit
Selects Canadian Shock Section
Construct Field Infirmary
Construct Platoon Command Post
Selects Incendiary Munitions
Vickers Machine Gun Team
Selects Pyrotechnics
Infantry Training
Unlock Bishop Self-propelled Artillery
Canadian Shock Section
6-pounder Anti-tank Gun Team
Bishop Self-propelled Artillery
Canadian Shock Section
Selects Smoke Operation
Grenade Package
Selects Churchill Crocodile Heavy Tank
toto
MadMax
0
0
Comments
sign in to comment!
No comments posted yet!